 Dungeon Crawl Stone Soup version 0.28.0-43-g3370ac3207 (webtiles) character file.

Game seed: 625923218300769658

107 NinjaNoafa the Ruffian (level 4, -1/36 HPs)
             Began as a Draconian Transmuter on Mar 30, 2022.
             Slain by a water moccasin (3 damage)
             ... in a sewer.
             The game lasted 00:11:33 (2163 turns).

NinjaNoafa the Ruffian (Draconian Transmuter)       Turns: 2163, Time: 00:11:33

Health: -1/36      AC:  7    Str: 12    XL:     4   Next: 56%
Magic:  8/8        EV: 12    Int: 16    God:
Gold:   36         SH:  0    Dex: 11    Spells: 7/8 levels left

rFire   . . .      SeeInvis .   k - +2 dagger (drain)
rCold   . . .      Faith    .   (no shield)
rNeg    . . .      Spirit   .   (armour unavailable)
rPois   .          Reflect  .   (helmet restricted)
rElec   .          Harm     .   (no cloak)
rCorr   .          Rampage  .   a - +1 pair of gloves
Will    .....                   (no boots)
Stlth   +.........              (no amulet)
HPRegen 0.12/turn               (no ring)
MPRegen 0.11/turn               (no ring)

@: confused, lethally poisoned (-1 -> -17), ambrosia-drunk
A: AC +5, unfitting armour, cold-blooded
a: no special abilities


You were in a sewer.
You visited 1 branch of the dungeon, and saw 3 of its levels.
You also visited: Sewer.

You collected 81 gold pieces.
You donated 45 gold pieces to Zin.

Inventory:

Hand Weapons
 h - a +0 short sword
 k - a +2 dagger of draining (weapon)
Missiles
 c - 22 stones
 f - 44 arrows
 l - a poisoned dart (quivered)
Armour
 a - a +1 pair of gloves (worn)
Scrolls
 d - a scroll of teleportation
 e - a scroll of silence {unknown}
 g - 2 scrolls of amnesia {unknown}
 m - a scroll of enchant armour {unknown}
Potions
 j - a potion of curing {unknown}


   Skills:
 + Level 2.0 Fighting
 + Level 2.2 Dodging
 * Level 3.3 Unarmed Combat
 * Level 2.9 Spellcasting
 * Level 3.1 Transmutations


You had 7 spell levels left.
You knew the following spells:

 Your Spells              Type           Power      Damage    Failure   Level
a - Beastly Appendage     Tmut           24%        N/A       5%          1

Your spell library contained the following spells:

 Spells                   Type           Power      Damage    Failure   Level
 Wereblood                Tmut           12%        N/A       8%          2
 Animate Skeleton         Necr           4%         N/A       19%         1
 Pain                     Necr           8%         1d4       19%         1
 Spider Form              Tmut/Pois      7%         N/A       30%         3
 Vampiric Draining        Necr           2%         2d6       50%         3
 Ice Form                 Ice/Tmut       7%         N/A       69%         4


Dungeon Overview and Level Annotations

Branches:
Dungeon (3/15)              Sewer (1/1)

Altars:
Zin


Innate Abilities, Weirdness & Mutations

Your plain brown scales are hard. (AC +5)
You cannot fit into any form of body armour.
You are cold-blooded and may be slowed by cold attacks.


Message History

The poisoned dart closely misses the bat.
You feel sick.
You are no longer poisoned.
The bat barely misses you. The bat hits you but does no damage.
Throw: 2 darts (poison)
Press: ? - help, Q - select action, (/) - cycle Shift-Dir - straight line, f - water moccasin, p - bat
Aim: a water moccasin (inner flame, 35% to hit)
You throw a poisoned dart.
The poisoned dart closely misses the water moccasin.
The bat misses you.
It was a potion of ambrosia.
You are confused.
You feel invigorated. The bat hits you but does no damage.
The water moccasin barely misses you.
You are too confused!
You miss the water moccasin. The bat hits you but does no damage.
The water moccasin bites you but does no damage.
The water moccasin bites you.
* * * LOW HITPOINT WARNING * * *
You are lethally poisoned!
The water moccasin poisons you!
You feel very sick. The bat completely misses you.
The water moccasin barely misses you.
You feel very sick.
The bat hits you but does no damage. x2; The bat closely misses you.
You feel sick. The bat hits you but does no damage.
The water moccasin bites you.
* * * LOW HITPOINT WARNING * * *
The water moccasin bites you.
* * * LOW HITPOINT WARNING * * *
You are more poisoned.
The water moccasin poisons you!
You miss the bat.
Your tail-slap misses the bat.
* * * LOW HITPOINT WARNING * * *
You feel very sick. The bat barely misses you.
The water moccasin closely misses you.
* * * LOW HITPOINT WARNING * * *
You feel very sick. The bat completely misses you.
The water moccasin bites you.
You die...

##.## #.# #.# #######
#.# ##.....## #.#
#$......# #.#
#[$.....####.########
#($..S...!...(..S..∩#
#($.b@..#############
#$.....(# ##.....##
#######


You could see a water moccasin (inner flame) and a bat (inner flame).

Vanquished Creatures
  Jessica (D:2)
  Robin (D:2)
  2 adders (D:2)
  2 dart slugs (D:1)
  5 ball pythons
  4 endoplasms
  A giant cockroach (D:1)
  6 hobgoblins
  2 quokkas (D:2)
  10 bats
  A frilled lizard (D:2)
  8 goblins
  A kobold (D:2)
  4 rats
48 creatures vanquished.

Notes
Turn   | Place    | Note
-------+----------+-------------------------------------------
     0 | D:1      | NinjaNoafa the Draconian Transmuter began the quest for the
                  | Orb.
     0 | D:1      | Reached XP level 1. HP: 16/16 MP: 3/3
   200 | D:1      | Reached XP level 2. HP: 7/23 MP: 3/5
   987 | D:2      | Reached XP level 3. HP: 6/28 MP: 6/6
   991 | D:2      | HP: 1/28 [poisoned by an adder]
  1503 | D:2      | Noticed Robin
  1580 | D:2      | Killed Robin
  1630 | D:2      | Reached XP level 4. HP: 36/36 MP: 6/8
  1646 | D:2      | Noticed Jessica
  1665 | D:2      | Killed Jessica
  1677 | D:2      | Found a glowing silver altar of Zin.
  1695 | D:2      | Became a worshipper of Zin the Law-Giver
  1800 | D:2      | Donated 37 gold pieces to Zin
  1803 | D:2      | Was placed under penance by Zin
  1809 | D:2      | Fell from the grace of Zin
  2098 | D:3      | Found a glowing drain.
  2102 | Sewer    | Entered a sewer
  2133 | Sewer    | Noticed a water moccasin
  2163 | Sewer    | Slain by a water moccasin

Illustrated notes

Levels and vault maps discovered:
D:1:      dpeg_arrival_round_c, layout_basic
D:2:      layout_basic, basic_altar, hangedman_decor_slide_cut,
          nicolae_underground_beach, uniq_robin, uniq_jessica
D:3:      layout_basic, lemuel_doored_altar, hellmonk_ecumenical_altar_zigzags,
          gup_sewer_entry_bowl, serial_shops, shop_statue, serial_bayou_pond_c,
          corexii_leaking_fountain, grunt_decor_arrowhead
Sewer:    sewer_big_baddie

Skill      XL: |  1  2  3  4 |
---------------+-------------+-----
Dodging        | 2 |  2.2
Fighting       | 2 |  2.0
Transmutations | 3 |  3.1
Unarmed Combat | |  3.3
Spellcasting   | |  2.9

Action                   |  1- 3 |  4- 6 || total
-------------------------+-------+-------++-------
Melee: Unarmed           |    38 |     5 ||    43
       Kick              |    11 |     1 ||    12
       Headbutt          |     6 |     1 ||     7
       Tailslap          |     5 |     1 ||     6
       War axe           |    45 |       ||    45
       Dagger            |     2 |    31 ||    33
       Punch             |       |     1 ||     1
Throw: Stone             |    10 |       ||    10
       Dart              |       |     3 ||     3
 Cast: Beastly Appendage |    11 |     2 ||    13
Invok: Donate Gold       |       |     1 ||     1
       Renounce Religion |       |     1 ||     1
  Use: Scroll            |     1 |     2 ||     3
       Potion            |       |     1 ||     1
Armor: Skin              |    44 |    44 ||    88
Dodge: Dodged            |    81 |    56 ||   137
